 Dungeon Crawl Stone Soup version 0.30.0-10-gfe55d96785 (webtiles) character file.

Game seed: 6610343497092887423

84 monsoonserge the Cudgeller (level 5, -1/46 HPs)
             Began as a Meteoran Fighter on May 15, 2023.
             Slain by a gnoll
             ... wielding a +0 whip
              (8 damage)
             ... on level 2 of the Dungeon.
             The game lasted 00:04:47 (661 turns).

monsoonserge the Cudgeller (Meteoran Fighter)        Turns: 661, Time: 00:04:48

Health: -1/46      AC:  7    Str: 19    XL:     5   Next: 3%
Magic:  6/6        EV:  9    Int: 10    God:
Gold:   82         SH:  0    Dex: 13    Spells: 4/4 levels left

rFire   . . .        g - +0 great mace
rCold   . . .        (shield currently unavailable)
rNeg    . . .        b - +0 scale mail
rPois   .            (no helmet)
rElec   .            (no cloak)
rCorr   .            (no gloves)
SInv    .            (no boots)
Will    .....        (no amulet) Stlth
                     (no ring)
HPRegen 0.27/turn    (no ring)
MPRegen 0.10/turn

%: no passive effects
@: glowing
A: sense surroundings 1, otherworldly, glowing, explore regen
a: no special abilities


You were on level 2 of the Dungeon.
You visited 1 branch of the dungeon, and saw 3 of its levels.

You collected 82 gold pieces.

Inventory:

Hand Weapons
 a - a +0 flail
 g - a +0 great mace (weapon)
Missiles
 i - 14 poisoned darts (quivered)
Armour
 b - a +0 scale mail (worn)
 c - a +0 buckler
Scrolls
 e - a scroll of teleportation {unknown}
 f - a scroll of identify {unknown}
 h - a scroll of fear {unknown}
Potions
 d - a potion of might
 j - a potion of magic {unknown}


   Skills:
 + Level 3.8 Fighting
 * Level 4.4 Maces & Flails
 + Level 4.4 Armour
 + Level 0.3 Dodging
 + Level 4.0 Shields


You had 4 spell levels left.
You didn't know any spells.
Your spell library was empty.

Dungeon Overview and Level Annotations

Branches:
Dungeon (3/15) Zot: 1077

Altars:


Innate Abilities, Weirdness & Mutations

You passively map a small area around you.
You are easily found by Zot.
You glow in the dark.
You regain HP and MP as you explore.


Message History

There is a stone staircase leading down here.
You closely miss the gnoll. The gnoll hits you but does no damage.
The gnoll hits you with a +0 club. The gnoll completely misses you.
You closely miss the gnoll.
The gnoll hits you but does no damage. x3
The gnoll hits you with a +0 whip. The gnoll hits you with a +0 club.
The gnoll hits you with a +0 whip!
You barely miss the gnoll. The gnoll hits you with a +0 whip.
The gnoll hits you but does no damage. x2
You hit the gnoll but do no damage. The gnoll hits you with a +0 club.
The gnoll barely misses you. x2; The gnoll hits you with a +0 whip!
* * * LOW HITPOINT WARNING * * *
The gnoll closely misses you. x2
The gnoll hits you with a +0 whip.
* * * LOW HITPOINT WARNING * * *
The gnoll closely misses you. The gnoll attacks as you move away!
The gnoll hits you but does no damage.
You bludgeon the gnoll!!
You kill the gnoll!
The gnoll barely misses you.
You bludgeon the gnoll!!
You kill the gnoll!
The gnoll hits you with a +0 whip.
* * * LOW HITPOINT WARNING * * *
You have reached level 5!
You hit the gnoll.
The gnoll is moderately wounded.
The gnoll hits you with a +0 whip.
* * * LOW HITPOINT WARNING * * *
You hit the gnoll.
The gnoll is severely wounded.
The gnoll barely misses you. The gnoll hits you but does no damage.
You closely miss the gnoll.
The gnoll is severely wounded.
The gnoll hits you but does no damage.
You barely miss the gnoll.
The gnoll is severely wounded.
The gnoll hits you with a +0 whip.
* * * LOW HITPOINT WARNING * * *
The gnoll hits you with a +0 whip!
You die...

#.....[.# #.......#
#.......# #(......####
#..........#########
#..................##
#..>................##
#####g)..............#
#@...............#
#................#
#(...............#
#................#
#.................
##................
##............#..
######..##...#..
#..........


You could see a gnoll.

Vanquished Creatures
  2 gnolls (D:2)
  An adder (D:2)
  A worm (D:1)
  2 dart slugs (D:1)
  5 ball pythons (D:1)
  3 endoplasms
  4 giant cockroaches
  2 goblins (D:1)
  5 hobgoblins (D:1)
  A quokka (D:1)
  5 bats (D:1)
  4 frilled lizards (D:1)
  5 kobolds (D:1)
  6 rats
46 creatures vanquished.

Notes
Turn   | Place    | Note
-------+----------+-------------------------------------------
     0 | D:1      | monsoonserge the Meteoran Fighter began the quest for the
                  | Orb.
     0 | D:1      | Reached XP level 1. HP: 19/19 MP: 2/2
    68 | D:1      | Reached XP level 2. HP: 26/26 MP: 3/3
   174 | D:1      | Reached XP level 3. HP: 31/31 MP: 4/4
   276 | D:1      | Reached XP level 4. HP: 15/40 MP: 5/5
   658 | D:2      | Reached XP level 5. HP: 9/46 MP: 6/6
   661 | D:2      | Slain by a gnoll

Illustrated notes

Levels and vault maps discovered:
D:1:      dpeg_cavernosity, layout_basic, hangedman_feature_mirror
D:2:      layout_rooms, uniq_jessica
D:3:      layout_loops_ring, gammafunk_temple_overflow_forgotten,
          nicolae_overflow_crystal_walls

Skill      XL: |  1  2  3  4 |
---------------+-------------+-----
Maces & Flails | 3 4 |  4.4
Armour         | 4 |  4.4
Shields        | 4 |  4.0
Fighting       | |  3.8
Dodging        | |  0.3

Action                     |  1- 3 |  4- 6 || total
---------------------------+-------+-------++-------
  Melee: Flail             |    22 |       ||    22
         Great mace        |    34 |    66 ||   100
 Armour: Scale mail        |    47 |    59 ||   106
  Dodge: Dodged            |    37 |    40 ||    77
  Block: Buckler           |     3 |       ||     3
